TOP OF THE 1ST |
Hendersonville Hitmen batting - Pitching for Irvine Gang Green : RHP Takehide Ono
|
Pitching: RHP Takehide Ono
|
|
Batting: RHB Eduardo García
|
0-0: Swinging Strike 0-1: Foul Ball, location: 2F 0-2: Ball 1-2: Foul Ball, location: 2F 1-2: Ball 2-2: Strikes out swinging
|
Batting: LHB Lorenzo Quintanilla
|
0-0: Swinging Strike 0-1: Ball 1-1: Foul Ball, location: 2F 1-2: Ball 2-2: Ground out 5-3 (Groundball, 6S)
|
Batting: RHB Manolo Román
|
0-0: Ball 1-0: Foul Ball, location: 2F 1-1: Ball 2-1: Ball 3-1: Called Strike 3-2: Ground out 5-3 (Groundball, 5S)
|
Top of the 1st over - 0 run(s), 0 hit(s), 0 error(s), 0 left on base; Hendersonville 0 - Irvine 0 |
BOTTOM OF THE 1ST |
Irvine Gang Green batting - Pitching for Hendersonville Hitmen : RHP Won-min Im
|
Pitching: RHP Won-min Im
|
|
Batting: LHB Jesús Campos
|
0-0: Ball 1-0: Ball 2-0: Ball 3-0: Base on Balls
|
Batting: RHB Tom Doherty
|
0-0: Ball 1-0: Called Strike 1-1: Ball 2-1: Grounds into double play, 4-6-3 (Groundball, 4)
|
Batting: LHB Jorge Martínez
|
0-0: Foul Ball, location: 2F 0-1: Ball 1-1: Ball 2-1: Foul Ball, location: 2F 2-2: Foul Ball, location: 2F 2-2: Strikes out swinging
|
Bottom of the 1st over - 0 run(s), 0 hit(s), 0 error(s), 0 left on base; Hendersonville 0 - Irvine 0 |
TOP OF THE 2ND |
Hendersonville Hitmen batting - Pitching for Irvine Gang Green : RHP Takehide Ono
|
Batting: LHB Tony Abete
|
0-0: Foul Ball, location: 2F 0-1: Ground out 1-3 (Groundball, 15)
|
Batting: RHB Robert Buckley
|
0-0: Foul Ball, location: 2F 0-1: Foul Ball, location: 2F 0-2: Foul Ball, location: 2F 0-2: Strikes out looking
|
Batting: RHB Felipe Rivera
|
0-0: Called Strike 0-1: Swinging Strike 0-2: Ball 1-2: Foul Ball, location: 2F 1-2: Foul Ball, location: 2F 1-2: Ball 2-2: Strikes out looking
|
Top of the 2nd over - 0 run(s), 0 hit(s), 0 error(s), 0 left on base; Hendersonville 0 - Irvine 0 |
BOTTOM OF THE 2ND |
Irvine Gang Green batting - Pitching for Hendersonville Hitmen : RHP Won-min Im
|
Batting: LHB Víctor Quiñones
|
0-0: Foul Ball, location: 2F 0-1: Ball 1-1: Ball 2-1: Ball 3-1: Foul Ball, location: 2F 3-2: SINGLE (Flyball, 7S)
|
Batting: RHB Buck Jones
|
0-0: Ball 1-0: Foul Ball, location: 2F 1-1: SINGLE (Line Drive, 6M) Víctor Quiñones to second
|
Batting: LHB Leonardo Medina
|
0-0: Ball 1-0: Ball 2-0: Called Strike 2-1: Swinging Strike 2-2: Foul Ball, location: 2F 2-2: Foul Ball, location: 2F 2-2: Fly out, F7 (Popup, 56D)
|
Batting: RHB José Salazar
|
0-0: Ball 1-0: Ball 2-0: Ball 3-0: Called Strike 3-1: Base on Balls Víctor Quiñones to third Buck Jones to second
|
Batting: LHB Bill Murphy
|
0-0: Ball 1-0: GRAND SLAM HOME RUN (Line Drive, 9LD), Distance : 400 ft
|
Batting: LHB Tony Tavárez
|
0-0: Called Strike 0-1: Called Strike 0-2: Strikes out swinging
|
Batting: LHB Jesús Campos
|
0-0: Called Strike 0-1: Ball 1-1: Ball 2-1: Foul Ball, location: 2F 2-2: SOLO HOME RUN (Flyball, 89XD), Distance : 432 ft
|
Batting: RHB Tom Doherty
|
0-0: Ball 1-0: Foul Ball, location: 2F 1-1: SINGLE (Groundball, 34D)
|
Batting: LHB Jorge Martínez
|
0-0: Ball 1-0: Foul Ball, location: 2F 1-1: Foul Ball, location: 2F 1-2: Foul Ball, location: 2F 1-2: Fly out, F6 (Popup, 6D)
|
Bottom of the 2nd over - 5 run(s), 5 hit(s), 0 error(s), 1 left on base; Hendersonville 0 - Irvine 5 |
TOP OF THE 3RD |
Hendersonville Hitmen batting - Pitching for Irvine Gang Green : RHP Takehide Ono
|
Batting: RHB Bill Mark
|
0-0: Ball 1-0: Foul Ball, location: 2F 1-1: Ball 2-1: Ball 3-1: Swinging Strike 3-2: Strikes out swinging
|
Batting: RHB Taylor McFarland
|
0-0: Ball 1-0: Ball 2-0: Ball 3-0: Base on Balls
|
Batting: RHB Robert Bly
|
0-0: Called Strike 0-1: Called Strike 0-2: Strikes out looking
|
Batting: RHB Eduardo García
|
0-0: Fly out, F8 (Flyball, 8RD)
|
Top of the 3rd over - 0 run(s), 0 hit(s), 0 error(s), 1 left on base; Hendersonville 0 - Irvine 5 |
BOTTOM OF THE 3RD |
Irvine Gang Green batting - Pitching for Hendersonville Hitmen : RHP Won-min Im
|
Batting: LHB Víctor Quiñones
|
0-0: Called Strike 0-1: Ball 1-1: Foul Ball, location: 2F 1-2: Ground out 5-3 (Groundball, 56S)
|
Batting: RHB Buck Jones
|
0-0: Called Strike 0-1: Ball 1-1: Ground out 4-3 (Groundball, 4S)
|
Batting: LHB Leonardo Medina
|
0-0: Ball 1-0: Ball 2-0: SINGLE (Groundball, 34D)
|
Batting: RHB José Salazar
|
0-0: Called Strike Leonardo Medina steals 2nd base 0-1: Ball 1-1: Ball 2-1: Ball 3-1: Foul Ball, location: 2F 3-2: Ground out 6-3 (Groundball, 6M)
|
Bottom of the 3rd over - 0 run(s), 1 hit(s), 0 error(s), 1 left on base; Hendersonville 0 - Irvine 5 |
TOP OF THE 4TH |
Hendersonville Hitmen batting - Pitching for Irvine Gang Green : RHP Takehide Ono
|
Batting: LHB Lorenzo Quintanilla
|
0-0: Ball 1-0: Ball 2-0: Swinging Strike 2-1: Ball 3-1: Base on Balls
|
Batting: RHB Manolo Román
|
0-0: Ball 1-0: Ball 2-0: Called Strike 2-1: Swinging Strike 2-2: Ball 3-2: Base on Balls Lorenzo Quintanilla to second
|
Batting: LHB Tony Abete
|
0-0: Foul Ball, location: 2F 0-1: Ball 1-1: Ball 2-1: Ball 3-1: Foul Ball, location: 2F 3-2: TRIPLE (Flyball, 9LM) Lorenzo Quintanilla scores Manolo Román scores
|
Batting: RHB Robert Buckley
|
0-0: Foul Ball, location: 2F 0-1: Ball 1-1: Foul Ball, location: 2F 1-2: Strikes out looking
|
Batting: RHB Felipe Rivera
|
0-0: Called Strike 0-1: Ball 1-1: Ball 2-1: Fly out, F9 (Flyball, 9LM) Runner from 3rd tags up, SCORES, no throw
|
Batting: RHB Bill Mark
|
0-0: Foul Ball, location: 2F 0-1: Ground out 5-3 (Groundball, 5)
|
Top of the 4th over - 3 run(s), 1 hit(s), 0 error(s), 0 left on base; Hendersonville 3 - Irvine 5 |
BOTTOM OF THE 4TH |
Irvine Gang Green batting - Pitching for Hendersonville Hitmen : RHP Won-min Im
|
Batting: LHB Bill Murphy
|
0-0: Ball 1-0: Fly out, F2 (Popup, 2RF)
|
Batting: LHB Tony Tavárez
|
0-0: Ground out 4-3 (Groundball, 4)
|
Batting: LHB Jesús Campos
|
0-0: Ball 1-0: Called Strike 1-1: Foul Ball, location: 2F 1-2: TRIPLE (Flyball, 89XD)
|
Batting: RHB Tom Doherty
|
0-0: Foul Ball, location: 2F 0-1: Ball 1-1: Ball 2-1: Fly out, F8 (Flyball, 8LM)
|
Bottom of the 4th over - 0 run(s), 1 hit(s), 0 error(s), 1 left on base; Hendersonville 3 - Irvine 5 |
TOP OF THE 5TH |
Hendersonville Hitmen batting - Pitching for Irvine Gang Green : RHP Takehide Ono
|
Batting: RHB Taylor McFarland
|
0-0: Fly out, F9 (Flyball, 9M)
|
Batting: RHB Robert Bly
|
0-0: Foul Ball, location: 2F 0-1: Ball 1-1: Swinging Strike 1-2: Foul Ball, location: 2F 1-2: Strikes out swinging
|
Batting: RHB Eduardo García
|
0-0: Ball 1-0: Called Strike 1-1: Ball 2-1: Ground out 4-3 (Groundball, 4MD)
|
Top of the 5th over - 0 run(s), 0 hit(s), 0 error(s), 0 left on base; Hendersonville 3 - Irvine 5 |
BOTTOM OF THE 5TH |
Irvine Gang Green batting - Pitching for Hendersonville Hitmen : RHP Won-min Im
|
Batting: LHB Jorge Martínez
|
0-0: Ball 1-0: Swinging Strike 1-1: Foul Ball, location: 2F 1-2: Ball 2-2: Ball 3-2: SOLO HOME RUN (Flyball, 9LD), Distance : 412 ft
|
Batting: LHB Víctor Quiñones
|
0-0: Ball 1-0: Fly out, F8 (Flyball, 78D)
|
Batting: RHB Buck Jones
|
0-0: Ball 1-0: Swinging Strike 1-1: Ball 2-1: Called Strike 2-2: Ball 3-2: SINGLE (Groundball, 6MD)
|
Batting: LHB Leonardo Medina
|
0-0: Called Strike Buck Jones steals 2nd base 0-1: Ball 1-1: Ball 2-1: DOUBLE (Line Drive, 3L) Buck Jones scores
|
Pitching: RHP Erik Estes
|
|
Batting: RHB José Salazar
|
0-0: Foul Ball, location: 2F 0-1: Foul Ball, location: 2F 0-2: Foul Ball, location: 2F 0-2: Ball 1-2: Ball 2-2: Ball 3-2: Ground out 6-3 (Groundball, 6M) Leonardo Medina to third
|
Batting: LHB Bill Murphy
|
0-0: Fly out, F8 (Line Drive, 8LM)
|
Bottom of the 5th over - 2 run(s), 3 hit(s), 0 error(s), 1 left on base; Hendersonville 3 - Irvine 7 |
TOP OF THE 6TH |
Hendersonville Hitmen batting - Pitching for Irvine Gang Green : RHP Takehide Ono
|
Batting: LHB Lorenzo Quintanilla
|
0-0: Foul Ball, location: 2F 0-1: Ball 1-1: Ball 2-1: Swinging Strike 2-2: Ball 3-2: Ground out 6-3 (Groundball, 6M)
|
Batting: RHB Manolo Román
|
0-0: Ball 1-0: Ball 2-0: Foul Ball, location: 2F 2-1: Foul Ball, location: 2F 2-2: Ball 3-2: Ground out 6-3 (Groundball, 6)
|
Batting: LHB Tony Abete
|
0-0: Ball 1-0: Swinging Strike 1-1: Swinging Strike 1-2: Foul Ball, location: 2F 1-2: Foul Ball, location: 2F 1-2: Ball 2-2: Strikes out looking
|
Top of the 6th over - 0 run(s), 0 hit(s), 0 error(s), 0 left on base; Hendersonville 3 - Irvine 7 |
BOTTOM OF THE 6TH |
Irvine Gang Green batting - Pitching for Hendersonville Hitmen : RHP Erik Estes
|
Batting: LHB Tony Tavárez
|
0-0: Fly out, F8 (Flyball, 8LS)
|
Batting: LHB Jesús Campos
|
0-0: Swinging Strike 0-1: Ball 1-1: Ball 2-1: Foul Ball, location: 2F 2-2: Foul Ball, location: 2F 2-2: Strikes out swinging
|
Batting: RHB Tom Doherty
|
0-0: Fly out, F9 (Flyball, 9M)
|
Bottom of the 6th over - 0 run(s), 0 hit(s), 0 error(s), 0 left on base; Hendersonville 3 - Irvine 7 |
TOP OF THE 7TH |
Hendersonville Hitmen batting - Pitching for Irvine Gang Green : RHP Takehide Ono
|
Pitching: LHP Keith Swanson
|
|
Batting: RHB Robert Buckley
|
0-0: Ball 1-0: Called Strike 1-1: Ball 2-1: Foul Ball, location: 2F 2-2: Foul Ball, location: 2F 2-2: Fly out, F7 (Popup, 78S)
|
Batting: RHB Felipe Rivera
|
0-0: Ball 1-0: Called Strike 1-1: Ground out 4-3 (Groundball, 4)
|
Batting: RHB Bill Mark
|
0-0: Ground out 5-3 (Groundball, 5)
|
Top of the 7th over - 0 run(s), 0 hit(s), 0 error(s), 0 left on base; Hendersonville 3 - Irvine 7 |
BOTTOM OF THE 7TH |
Irvine Gang Green batting - Pitching for Hendersonville Hitmen : RHP Erik Estes
|
Batting: LHB Jorge Martínez
|
0-0: Foul Ball, location: 2F 0-1: Swinging Strike 0-2: Foul Ball, location: 2F 0-2: Ball 1-2: Strikes out swinging
|
Pitching: RHP Jorge Pérez
|
|
Batting: LHB Víctor Quiñones
|
0-0: Swinging Strike 0-1: Called Strike 0-2: Ball 1-2: Fly out, F9 (Flyball, 9M)
|
Batting: RHB Buck Jones
|
0-0: Ball 1-0: Called Strike 1-1: DOUBLE (Flyball, 89XD)
|
Batting: LHB Leonardo Medina
|
0-0: Ball 1-0: Called Strike 1-1: Ball 2-1: Ball 3-1: Ground out 4-3 (Groundball, 4)
|
Bottom of the 7th over - 0 run(s), 1 hit(s), 0 error(s), 1 left on base; Hendersonville 3 - Irvine 7 |
TOP OF THE 8TH |
Hendersonville Hitmen batting - Pitching for Irvine Gang Green : LHP Keith Swanson
|
Batting: RHB Taylor McFarland
|
0-0: Ball 1-0: Ground out 1-3 (Groundball, 15)
|
Batting: RHB Robert Bly
|
0-0: Called Strike 0-1: Foul Ball, location: 2F 0-2: Ball 1-2: Strikes out swinging
|
Batting: RHB Eduardo García
|
0-0: Ball 1-0: Foul Ball, location: 2F 1-1: Called Strike 1-2: Strikes out swinging
|
Top of the 8th over - 0 run(s), 0 hit(s), 0 error(s), 0 left on base; Hendersonville 3 - Irvine 7 |
BOTTOM OF THE 8TH |
Irvine Gang Green batting - Pitching for Hendersonville Hitmen : RHP Jorge Pérez
|
Batting: RHB José Salazar
|
0-0: Ball 1-0: Ball 2-0: Ground out 6-3 (Groundball, 6)
|
Batting: LHB Bill Murphy
|
0-0: Ball 1-0: Ball 2-0: Swinging Strike 2-1: Foul Ball, location: 2F 2-2: Foul Ball, location: 2F 2-2: Ball 3-2: Foul Ball, location: 2F 3-2: Ground out 6-3 (Groundball, 6)
|
Batting: LHB Tony Tavárez
|
0-0: Called Strike 0-1: Ball 1-1: Ground out U3 (Groundball, 3L)
|
Bottom of the 8th over - 0 run(s), 0 hit(s), 0 error(s), 0 left on base; Hendersonville 3 - Irvine 7 |
TOP OF THE 9TH |
Hendersonville Hitmen batting - Pitching for Irvine Gang Green : LHP Keith Swanson
|
Batting: LHB Lorenzo Quintanilla
|
0-0: Ball 1-0: Swinging Strike 1-1: Called Strike 1-2: Ball 2-2: SINGLE (Line Drive, 34D)
|
Batting: RHB Manolo Román
|
0-0: Ball 1-0: Foul Ball, location: 2F 1-1: Ball 2-1: Fly out, F6 (Line Drive, 6)
|
Batting: LHB Tony Abete
|
0-0: Foul Ball, location: 2F 0-1: Called Strike 0-2: Ball 1-2: SINGLE (Line Drive, 34D) Lorenzo Quintanilla to second
|
Pitching: RHP Mike Fisher
|
|
Batting: RHB Robert Buckley
|
0-0: Swinging Strike 0-1: Ball 1-1: Swinging Strike 1-2: Strikes out looking
|
Batting: RHB Felipe Rivera
|
0-0: Ground out 5-3 (Groundball, 5)
|
Top of the 9th over - 0 run(s), 2 hit(s), 0 error(s), 2 left on base; Hendersonville 3 - Irvine 7 |
|